 Dungeon Crawl Stone Soup version 0.21-a0-442-g848f44b (webtiles) character file.

1481 tof the Twirler (level 8, 0/61 HPs)
             Began as a Demonspawn Gladiator on Nov 13, 2017.
             Slain by Pikel
             ... wielding a +0 whip of freezing
              (4 damage)
             ... on level 5 of the Dungeon.
             The game lasted 00:13:01 (6742 turns).

tof the Twirler (Demonspawn Gladiator)              Turns: 6742, Time: 00:13:02

Health: 0/61       AC:  3    Str: 12    XL:     8   Next: 50%
Magic:  0/8        EV: 14    Int: 10    God:
Gold:   196        SH:  5    Dex: 17    Spells: 4/7 levels left

rFire    . . .     SeeInvis .     - Unarmed
rCold    . . .     Gourm    .   (no shield)
rNeg     . . .     Faith    .   b - +0 leather armour
rPois    .         Spirit   +   (helmet restricted)
rElec    .         Reflect  +   (no cloak)
rCorr    .         Harm     .   (gloves unavailable)
MR       .....                  (no boots)
Stlth    +.........             m - +5 amulet of reflection
HPRegen  0.20/turn              g - ring of wizardry
MPRegen  0.11/turn              C - -2 ring of strength (curse)

@: no status effects
A: antennae 2, claws 3, talons 1, magic shield
a: no special abilities


You were on level 5 of the Dungeon.
You were not hungry.

You visited 1 branch of the dungeon, and saw 6 of its levels.
You also visited: Sewer.

You collected 196 gold pieces.

Inventory:

Hand Weapons
 a - a +0 quarterstaff
Missiles
 d - 4 throwing nets
 F - 7 javelins (quivered)
Armour
 b - a +0 leather armour (worn)
 f - a +0 helmet
Jewellery
 g - a ring of wizardry (left claw)
 m - a +5 amulet of reflection (around neck)
 s - an uncursed ring of protection from cold
 C - a cursed -2 ring of strength (right claw)
Wands
 E - a wand of flame (14/48)
Scrolls
 h - a scroll of enchant weapon {unknown}
 j - 7 scrolls of teleportation
 p - a scroll of identify {unknown}
 t - 2 scrolls of remove curse {unknown}
 x - a scroll of immolation {unknown}
 y - a scroll of blinking {unknown}
 A - 2 scrolls of fog {unknown}
 I - a scroll of vulnerability {unknown}
Potions
 e - 3 potions of degeneration {unknown}
 i - 2 potions of might {unknown}
 n - a potion of berserk rage {unknown}
 o - a potion of agility {unknown}
 u - 3 potions of invisibility {unknown}
 v - a potion of ambrosia {unknown}
 w - a potion of resistance {unknown}
 z - 6 potions of flight {unknown}
 B - 3 potions of haste {unknown}
 D - a potion of curing {unknown}
 G - a potion of heal wounds {unknown}
 H - a potion of brilliance {unknown}
 J - a potion of lignification {unknown}
Books
 q - a book of Misfortune

   Spells                             Type                      Level
   a - Confusing Touch                Hexes                        1
   b - Confuse                        Hexes                        3
   c - Gell's Gravitas                Translocation                3
   d - Petrify                        Transmutation/Earth          4
   e - Metabolic Englaciation         Hexes/Ice                    5
   f - Yara's Violent Unravelling     Hexes/Transmutation          5
 r - Sif Muna's Almanac of Transmigration
   (You found it on level 2 of the Dungeon)

   Spells                             Type                      Level
   a - Beastly Appendage              Transmutation                1
Comestibles
 c - a bread ration
 k - 6 fruits
 l - a meat ration
 K - a royal jelly
 L - 3 chunks of flesh


   Skills:
 + Level 4.8 Fighting
 - Level 5.9 Staves
 - Level 1.7 Throwing
 + Level 3.7 Armour
 + Level 4.7 Dodging
 * Level 1.8 Unarmed Combat
 + Level 3.6 Hexes


You had 4 spell levels left.
You knew the following spells:

 Your Spells              Type           Power        Failure   Level  Hunger
a - Confuse               Hex            #.......     13%         3    ####...


Dungeon Overview and Level Annotations

Branches:
Dungeon (6/15)
 Temple: D:4-7

Altars:
Kikubaaqudgha
Sif Muna
Vehumet

Annotations:
D:5 Pikel


Innate Abilities, Weirdness & Mutations

You have a pair of antennae on your head.
You have claws for hands.
You have sharp toenails.
When hurt, damage is shared between your health and your magic reserves.


Message History

Pikel hits you with a whip of freezing. Pikel freezes you. The slave hits you!
You scratch Pikel but do no damage.
Pikel is moderately wounded.
Pikel hits you with a whip of freezing. Pikel freezes you. The slave hits you.
* * * LOW HITPOINT WARNING * * *
The slave barely misses you.
You closely miss Pikel.
Pikel is moderately wounded.
Pikel hits you with a whip of freezing.
* * * LOW HITPOINT WARNING * * *
Pikel freezes you.
* * * LOW HITPOINT WARNING * * *
The slave hits you but does no damage. The slave misses you.
You closely miss Pikel. You claw Pikel, but do no damage.
Your claw misses Pikel.
Pikel is moderately wounded.
Pikel hits you with a whip of freezing!
* * * LOW HITPOINT WARNING * * *
Pikel freezes you.
You die...

#.#.....##.####..####'####.#.##
#.#.....##..# #..#......##.#.#
#.#.#######.###..#......##.#.#
..............#..#).....##.#.#
#.#.########..#..#......##.#.#
#.#.#.........#..#..{...##.#.#
..#†.......##.#..#......##.#.#
###........##.#pK####'####.#.#
..#........##...@##........#.#
#.#........###.p.##........#.#
..#........# #...##........#.#
###........###...##.......##.####
....#............................
###..................########.###
.......########..###.#...........
....##.######.[.># #..........###
######.##....##### #..........#


You could see Pikel and 2 slaves.

Vanquished Creatures
  The ghost of Qupu the Digger, a novice DDEE of Xom (D:5)
  Sigmund (D:3)
  Duvessa (D:6)
  A slave (D:5)
  An ogre (D:4)
  A phantom (D:5)
  2 big kobolds (Sewer)
  Dowan (D:6)
  3 howler monkeys (D:5)
  An orc priest (D:5)
  A centaur skeleton (D:5)
  2 hounds (D:4)
  2 orc wizards (D:4)
  Ijyb (D:5)
  A worker ant zombie (D:5)
  5 adders
  4 gnolls (D:4)
  3 river rats (Sewer)
  3 oozes
  An adder skeleton (D:5)
  2 worms (Sewer)
  3 dart slugs
  8 leopard geckos
  9 orcs
  7 giant cockroaches
  8 goblins
  7 hobgoblins
  2 jackals (D:4)
  8 kobolds
  A quokka (D:3)
  8 bats
  5 frilled lizards
  A jackal skeleton (D:5)
  8 rats
113 creatures vanquished.

Notes
Turn   | Place    | Note
-------+----------+-------------------------------------------
     0 | D:1      | tof the Demonspawn Gladiator began the quest for the Orb.
     0 | D:1      | Reached XP level 1. HP: 16/16 MP: 1/1
   108 | D:1      | Gained mutation: You have a pair of small antennae on your head. [demonic ancestry]
   108 | D:1      | Reached XP level 2. HP: 22/22 MP: 2/2
   149 | D:1      | Reached skill level 3 in Staves
   579 | D:1      | Gained mutation: You have sharp toenails. [demonic ancestry]
   579 | D:1      | Reached XP level 3. HP: 28/28 MP: 3/3
   843 | D:2      | Reached skill level 1 in Armour
  1298 | D:2      | Found a radiant altar of Vehumet.
  1304 | D:2      | Found an ancient bone altar of Kikubaaqudgha.
  1305 | D:2      | Found a deep blue altar of Sif Muna.
  1311 | D:2      | Identified Sif Muna's Almanac of Transmigration
  1966 | D:3      | Gained mutation: You have sharp fingernails. [demonic ancestry]
  1966 | D:3      | Reached XP level 4. HP: 34/34 MP: 4/4
  2108 | D:3      | Noticed Sigmund
  2114 | D:3      | Learned a level 3 spell: Confuse
  2593 | D:4      | Gained mutation: You have very sharp fingernails. [demonic ancestry]
  2593 | D:4      | Reached XP level 5. HP: 41/41 MP: 5/5
  2664 | D:4      | Reached skill level 4 in Staves
  2853 | D:4      | Reached skill level 1 in Hexes
  3118 | D:5      | Entered Level 5 of the Dungeon
  3132 | D:5      | Noticed a phantom
  3160 | D:5      | Killed a phantom
  3160 | D:5      | Gained mutation: When hurt, damage is shared between your health and your magic reserves. [demonic ancestry]
  3160 | D:5      | Reached XP level 6. HP: 9/47 MP: 6/6
  3271 | D:5      | Noticed Ijyb
  3276 | D:5      | Found a glowing drain.
  3303 | Sewer    | Entered a sewer
  3955 | Sewer    | Gained mutation: You have a pair of antennae on your head. [demonic ancestry]
  3955 | Sewer    | Reached XP level 7. HP: 47/53 MP: 5/7
  4051 | D:5      | Noticed Qupu's ghost (novice DDEE)
  4186 | D:5      | Killed Qupu's ghost
  4186 | D:5      | Reached skill level 5 in Staves
  4554 | D:5      | Killed Ijyb
  5276 | D:5      | Gained mutation: You have claws for hands. [demonic ancestry]
  5276 | D:5      | Reached XP level 8. HP: 46/60 MP: 8/8
  6259 | D:3      | Killed Sigmund
  6259 | D:3      | Reached skill level 1 in Unarmed Combat
  6499 | D:6      | Noticed Duvessa
  6499 | D:6      | Noticed Dowan
  6517 | D:6      | Killed Duvessa
  6522 | D:6      | Killed Dowan
  6733 | D:5      | Noticed Pikel
  6742 | D:5      | Slain by Pikel

Vault maps used:
D:1:      ncdulo_halloftheorcs, serial_forest, infiniplex_forest_straight_1,
          infiniplex_forest_clump_double, infiniplex_forest_lined_room_3,
          infiniplex_forest_straight_2, infiniplex_forest_zigzag_1,
          infiniplex_forest_lined_room_, infiniplex_forest_straight_4,
          infiniplex_forest_end_2, infiniplex_forest_straight_2,
          infiniplex_forest_lined_corner
D:2:      grunt_temple_overflow_magic_moments
D:3:      uniq_sigmund
D:4:      first_bread, kennysheep_generic_room_7
D:5:      portal_sewer_entry_f, uniq_ijyb, uniq_pikel
D:6:      okawaru_trees_1, serial_shops, shop, serial_glass, glass_columns_c,
          glass_columns_b, minmay_strange_pillars, uniq_duvessa, uniq_menkaure,
          uniq_prince_ribbit1
Sewer:    sewer_co_15_rooms

Skill      XL: |  1  2  3  4  5  6  7  8 |
---------------+-------------------------+-----
Staves         | 3 4 5 |  5.9
Armour         | 1 2 3 |  3.7
Dodging        | 3 4 |  4.7
Fighting       | 3 4 |  4.8
Hexes          | 1 2 3 |  3.6
Unarmed Combat | 1 |  1.8
Throwing       | |  1.7

Action                   |  1- 3 |  4- 6 |  7- 9 || total
-------------------------+-------+-------+-------++-------
Melee: Quarterstaff      |    83 |   187 |   126 ||   396
       Kick              |     9 |    57 |    47 ||   113
       Unarmed           |       |       |    39 ||    39
Throw: Javelin           |       |       |     7 ||     7
  Use: Scroll            |       |       |     1 ||     1
 Stab: Sleeping          |     2 |       |     1 ||     3
  Eat: Chunk             |     3 |     6 |     3 ||    12
       Bread ration      |       |       |     2 ||     2
Armor: Leather armour    |    17 |    28 |    19 ||    64
Dodge: Dodged            |    53 |    89 |   104 ||   246
Block: Other             |    10 |    34 |    23 ||    67
       Reflection        |       |     1 |     1 ||     2

Table legend:
 A = Spawn XP
 B = Non-spawn XP
 C = Spawn XP percentage of total XP
 D = Spawn monster count
 E = Non-spawn monster count
 F = Spawn count percentage of total count
 G = Total turns spent on level
                    A         B        C        D         E        F      G
               +---------+---------+-------+---------+---------+-------+---------
         Total |       0 |    2116 |   0.0 |       0 |     112 |   0.0 |  6742
               +---------+---------+-------+---------+---------+-------+---------
           D:1 |       0 |      41 |   0.0 |       0 |      20 |   0.0 |   792
           D:2 |       0 |      40 |   0.0 |       0 |       9 |   0.0 |  1011
           D:3 |       0 |     289 |   0.0 |       0 |      26 |   0.0 |   750
           D:4 |       0 |     361 |   0.0 |       0 |      17 |   0.0 |  1528
           D:5 |       0 |     883 |   0.0 |       0 |      23 |   0.0 |  1870
           D:6 |       0 |     226 |   0.0 |       0 |       2 |   0.0 |    59
         Sewer |       0 |     276 |   0.0 |       0 |      15 |   0.0 |   732
               +---------+---------+-------+---------+---------+-------+---------
